Cogmind - Beta 14 @@@ ROGUE MODE // 2025.03.17 @ 15:39:39 Player: Lava Result: Destroyed by D-53 Grenadier with Mini Grenade Launcher Performance ------------- Evolutions (0) 0 Regions Visited (2) 400 Robots Destroyed (24) 120 Value Destroyed (532) 532 Prototype IDs (2) 40 Alien Tech Used (0) 0 Bonus (0) 0 TOTAL SCORE: 1092 Bonus ------- None Cogmind --------- Core Integrity 0/250 Matter 300/300 Energy 100/100 System Corruption 0% Temperature Cool (0) Movement Core (100) Ox1 Location -10/Mines Parts ------- > --- POWER (1) -------- (None) > --- PROPULSION (2) --- (None) > --- UTILITY (2) ------ Small Storage Unit > --- WEAPON (2) ------- (None) > --- INVENTORY (8) ---- Ion Engine Visual Processing Unit Sensor Array Signal Interpreter Light Armor Plating Light Assault Rifle Light Assault Rifle Peak State ------------ > --- POWER ------------ Ion Engine > --- PROPULSION ------- Light Treads Light Treads > --- UTILITY ---------- Small Storage Unit Sensor Array > --- WEAPON ----------- Assault Rifle Assault Rifle > --- INVENTORY -------- Ion Engine Aluminum Leg Aluminum Leg Wheel Compact Wheel Light Assault Rifle [Rating: 7] Favorites ----------- Power Ion Engine Engine Ion Engine Propulsion Light Treads Treads Light Treads Utility Small Storage Unit Device Sensor Array Storage Small Storage Unit Weapon Light Assault Rifle Ballistic Gun Light Assault Rifle Build | -11 -10 -10 ------- Run | Yrd Mat Min Slots Evolved . | . . . Power . | . . . Propulsion . | . . . Utility . | . . . Weapon . | . . . Parts Attached 14 | 6 6 2 Power 1 | 1 . . Engine 1 | 1 . . Core . | . . . Reactor . | . . . Propulsion 5 | 2 2 1 Treads 5 | 2 2 1 Leg . | . . . Wheel . | . . . Hover . | . . . Flight . | . . . Utility 3 | 1 2 . Device 2 | . 2 . Storage 1 | 1 . . Processor . | . . . Hackware . | . . . Protection . | . . . Artifact . | . . . Weapon 5 | 2 2 1 Energy Gun . | . . . Energy Cannon . | . . . Ballistic Gun 5 | 2 2 1 Ballistic Cannon . | . . . Launcher . | . . . Special Weapon . | . . . Impact Weapon . | . . . Slashing Weapon . | . . . Piercing Weapon . | . . . Special Melee Weapon . | . . . Unidentified Prototypes . | . . . Parts Lost 8 | . 1 7 Power 1 | . . 1 Propulsion 3 | . . 3 Utility 2 | . 1 1 Weapon 2 | . . 2 Highest Loss Streak 6 | . 1 6 To Critical Strikes . | . . . Average Slot Usage (%) 97 | . 99 94 Engine 12 | . 14 10 Treads 27 | . 28 27 Device 13 | . 13 13 Storage 14 | . 14 14 Ballistic Gun 27 | . 28 27 Peak Build Rating 7 | 6 7 7 Average Rating 6 | 4 6 6 On Entrance 4 | . 6 7 Naked Turns . | . . . Heaviest Build 15 | 14 15 13 Greatest Support 40 | 40 40 40 Greatest Overweight (x) 1 | 1 . 1 Average Overweight (x) . | . . . Largest Inventory Capacity 8 | 8 8 8 Average Capacity 7 | 7 8 8 Most Carried 8 | 6 8 8 Average Carried 7 | 3 7 7 Final Capacity 8 | 8 8 8 Final Carried 8 | 6 8 7 Class Distribution -------------------- 100% | Mutant Dominant Class ---------------- Mutant | -10/Materials Mutant | -10/Mines Resources | -11 -10 -10 ----------- Run | Yrd Mat Min Matter Collected 645 | 187 409 49 Remotely . | . . . Salvage Created 698 | . 485 213 Parts 59 | . 46 13 Haulers Intercepted 2 | . 2 . Recyclers Shooed 1 | . . 1 Parts Field Recycled . | . . . Retrieved Matter . | . . . Parts Self-Destructed . | . . . Prevented . | . . . Kills | -11 -10 -10 ------- Run | Yrd Mat Min Combat Hostiles Destroyed 16 | . 9 7 Guns 16 | . 9 7 Classes Destroyed 7 | . 7 . Builder 1 | . 1 . Tunneler 1 | . 1 . Hauler 2 | . 2 . Operator 1 | . 1 . Watcher 3 | . 3 . Swarmer 6 | . 3 3 Grunt 10 | . 6 4 Best Kill Streak 4 | . 4 3 Combat Bots Only 3 | . 3 3 Max Kills in Single Turn 1 | . 1 1 Gunslinging . | . . . Exploded . | . . . Melee . | . . . Uniques/NPCs Destroyed . | . . . Combat | -11 -10 -10 -------- Run | Yrd Mat Min Hostile Shots Fired 131 | . 61 70 Missed 40 | . 22 18 Damage Taken 1305 | . 465 840 Core 259 | . 113 146 Absorbed by Shields . | . . . Core Remaining (%) 100 | 100 . . Volleys Fired 76 | . 53 23 Largest 2 | . 2 2 Hottest 40 | . 40 40 Shots Fired 152 | . 106 46 Gun 152 | . 106 46 Cannon . | . . . Launcher . | . . . Special . | . . . Kinetic 152 | . 106 46 Thermal . | . . . Explosive . | . . . Electromagnetic . | . . . Robot Hit Streak 14 | . 14 13 Robot Miss Streak 5 | . 5 3 Penetration Max . | . . . Secondary Targets 4 | . 2 2 Max Gunslinging Chain 1 | . 1 1 Shots Hit Robots 93 | . 64 29 Core Hits 44 | . 27 17 Critical Kills 2 | . 2 . Critical Parts Destroyed 1 | . . 1 Critical Strikes 3 | . 2 1 Destroy 3 | . 2 1 Melee Attacks . | . . . Impact . | . . . Slashing . | . . . Piercing . | . . . Sneak Attacks . | . . . Combat Hostiles . | . . . Follow-up Attacks . | . . . Damage Inflicted 1063 | . 808 255 Guns 1053 | . 803 250 Cannons . | . . . Explosions . | . . . Melee . | . . . Ramming 10 | . 5 5 Kinetic 1053 | . 803 250 Thermal . | . . . Explosive . | . . . Electromagnetic . | . . . Impact . | . . . Slashing . | . . . Piercing . | . . . Highest Corruption . | . . . Average Corruption . | . . . Corruption Purged . | . . . Corruption Blocked . | . . . Overload Shots . | . . . Overflow Damage . | . . . Projectiles . | . . . Explosions . | . . . Melee . | . . . Knockbacks . | . . . Impact . | . . . Kinetic . | . . . Secondary . | . . . Self-Inflicted Damage . | . . . Shots . | . . . Rammed 5 | . 2 3 Targets Rammed 6 | . 3 3 Kicked . | . . . Crushed 1 | . 1 . Highest Temperature 24 | . 20 24 Average Temperature 8 | . 6 10 Received Heat Transfer 471 | . 258 213 Siege Activations . | . . . Robots Corrupted . | . . . Combat Hostiles . | . . . Parts Fried . | . . . Impact Corruptions . | . . . Robots Melted . | . . . Combat Hostiles . | . . . Parts Melted . | . . . Heat Transferred . | . . . Parts Sabotaged . | . . . Parts Stolen . | . . . Parts Stripped . | . . . Power Chain Reactions . | . . . Alert | -11 -10 -10 ------- Run | Yrd Mat Min Peak Influence 285 | . 285 121 Initial 1 | . . 1 Average 78 | . 78 88 Maximum Alert Level 1 | . 1 . Low Security (%) 92 | 100 89 100 Level 1 7 | . 10 . Level 2 . | . . . Level 3 . | . . . Level 4 . | . . . Level 5 . | . . . High Security . | . . . Max Security . | . . . Squads Dispatched 2 | . 2 . Investigation 1 | . 1 . Extermination . | . . . Reinforcement 1 | . 1 . Assault . | . . . Garrison . | . . . Intercept . | . . . Searches Triggered . | . . . Construction Impeded . | . . . Haulers Reinforced . | . . . Active Scanning Responses . | . . . Cargo Convoy Interrupts . | . . . Stealth | -11 -10 -10 --------- Run | Yrd Mat Min Distress Signals 4 | . 4 . Communications Jammed . | . . . Distress Signals . | . . . Times Spotted 41 | . 20 21 Peak Tracking Total 13 | . 5 13 Tactical Retreats 1 | . 1 . Traps | -11 -10 -10 ------- Run | Yrd Mat Min Traps Triggered 1 | . 1 . Indirectly . | . . . Trap Hack Attempts . | . . . Triggered . | . . . Disarmed 6 | . 6 . Reprogrammed . | . . . Reused . | . . . Traps Extracted . | . . . Installed . | . . . Triggered . | . . . Machines | -11 -10 -10 ---------- Run | Yrd Mat Min Machines Disabled 1 | . 1 . Max in Single Turn 1 | . 1 . Machines Repaired . | . . . Machines Dismantled . | . . . Machines Sabotaged . | . . . Overloaded Fab Kills . | . . . Hacking | -11 -10 -10 --------- Run | Yrd Mat Min Machines Accessed 6 | . 6 . Terminals 6 | . 6 . Fabricators . | . . . Repair Stations . | . . . Recycling Units . | . . . Scanalyzers . | . . . Garrison Access . | . . . Total Hacks 16 | . 16 . Successful 5 | . 5 . Failed 11 | . 11 . Catastrophic 5 | . 5 . Database Lockouts . | . . . Manual 12 | . 12 . Terminals 16 | . 16 . Fabricators . | . . . Repair Stations . | . . . Recycling Units . | . . . Scanalyzers . | . . . Garrison Access . | . . . Terminal Hacks 5 | . 5 . Prototype ID Bank 1 | . 1 . Locate Traps 1 | . 1 . Disarm Traps 1 | . 1 . Maintenance Status 1 | . 1 . Recall Investigation 1 | . 1 . Fabricator Hacks . | . . . Repair Station Hacks . | . . . Recycling Unit Hacks . | . . . Scanalyzer . | . . . Garrison Access Hacks . | . . . Unauthorized Hacks . | . . . Terminals . | . . . Fabricators . | . . . Repair Stations . | . . . Recycling Units . | . . . Scanalyzers . | . . . Garrison Access . | . . . Data Cores Recovered . | . . . Used . | . . . Hacking Detections 6 | . 6 . Full Trace Events . | . . . Feedback Events . | . . . Feedback Blocked . | . . . Robot Schematics Acquired . | . . . Robots Built . | . . . Authchips . | . . . Time . | . . . Total Robot Build Rating . | . . . Part Schematics Acquired . | . . . Parts Built . | . . . Authchips . | . . . Time . | . . . Total Part Build Rating . | . . . Parts Repaired . | . . . Time . | . . . Parts Recycled . | . . . Recycled Matter . | . . . Retrieved Matter . | . . . Retrieved Components . | . . . Parts Scanalyzed . | . . . Part Schematics Acquired . | . . . Parts Damaged . | . . . Bothacking | -11 -10 -10 ------------ Run | Yrd Mat Min Used RIF Installer . | . . . Robots Hacked . | . . . Non-combat . | . . . Combat . | . . . Robot Hacks Applied . | . . . Relay Couplers Released . | . . . Fabnet Peak Effective % . | . . . Robots Rewired . | . . . Allies Hacked . | . . . Hacks Repelled . | . . . Allies | -11 -10 -10 -------- Run | Yrd Mat Min Total Allies 2 | . . 2 Largest Group 2 | . . 2 Highest-Rated Group 45 | . . 45 Highest-Rated Ally 31 | . . 31 Total Orders . | . . . Ally Attacks 3 | . . 3 Total Damage 64 | . . 64 Kills 1 | . . 1 Allies Corrupted . | . . . Allies Melted . | . . . Intel | -11 -10 -10 ------- Run | Yrd Mat Min Robot Analysis Total . | . . . Derelict Logs Recovered . | . . . Drone Launches . | . . . Drone Recoveries . | . . . Exploration | -11 -10 -10 ------------- Run | Yrd Mat Min Turns Passed 2225 | 68 1580 577 Spaces Moved 1204 | 34 865 305 Core 6 | 4 . 2 Treads 1198 | 30 865 303 Legs . | . . . Wheels . | . . . Hover . | . . . Flight . | . . . Fastest Speed 50 | 50 160 100 Average Speed 159 | 151 160 159 Slowest Speed 160 | 160 160 160 Overloaded Moves . | . . . Propulsion Burnouts . | . . . Robots Hopped . | . . . Cave-ins Triggered . | . . . Exploration Rate (%) 49 | 3 92 53 Regions Visited 2 Branch Regions 1 Pre-discovered Areas . | . . . Known Exits Taken . | . . . Unknown Exits Taken 2 | 1 1 . Scrap Searched . | . . . Spaces Dug . | . . . Terrain Destroyed . | . . . Melee . | . . . Projectile . | . . . AOE . | . . . Terrain Rammed . | . . . Walls Destroyed . | . . . Machines Disabled . | . . . Actions | -11 -10 -10 --------- Run | Yrd Mat Min Total 1369 | 51 961 357 Wait 40 | . 17 23 Move 1202 | 33 864 305 Hop . | . . . Pick Up 21 | 12 9 . Fast Attach 1 | . 1 . Attach 8 | 6 1 1 Detach . | . . . Swap 5 | . 4 1 Drop 10 | . 9 1 Fire 76 | . 53 23 Melee . | . . . Ram . | . . . Kick . | . . . Crush 6 | . 3 3 Escape Stasis . | . . . Rewire . | . . . Trap . | . . . Miscellaneous . | . . . Route ------- -11/Scrapyard -10/Materials (discovered 5 exits: [*Mat x3] / [*Min x2]) -10/Mines (discovered 2 exits: [*Mat x2]) History --------- Turn | Location | Event 25 | -11/Scrapyard | Discovered new exit (range 15) 69 | -11/Scrapyard | Entered Materials 315 | -10/Materials | Build established: Mutant 366 | -10/Materials | Discovered new exit (range 13) 391 | -10/Materials | Discovered new exit (range 16) 643 | -10/Materials | Discovered new exit (range 16) 1141 | -10/Materials | Discovered new exit (range 16) 1277 | -10/Materials | Discovered new exit (range 12) 1649 | -10/Materials | Entered Mines 1942 | -10/Mines | Discovered new exit (range 5) 1956 | -10/Mines | Discovered new exit (range 11) 2177 | -10/Mines | Assembled infested the area 2206 | -10/Mines | Core integrity fell below 50% 2224 | -10/Mines | Core integrity fell below 20% 2226 | -10/Mines | Destroyed by D-53 Grenadier with Mini Grenade Launcher Last Messages --------------- T-07 Excavator destroyed. Lgt. Treads destroyed. C-30 ARC bursts open, deploying its payload. Lgt. Assault Rifle destroyed. as-77361 destroyed. as-41644 destroyed. K-01 Serf collects debris. as-81500 sneak attacks. K-01 Serf destroyed. as-81500 destroyed. Lgt. Assault Rifle destroyed. as-97143 destroyed. as-89017 destroyed. as-32531 destroyed. as-76460 destroyed. as-32165 destroyed. as-43831 destroyed. as-28264 destroyed. as-25713 destroyed. Lgt. Treads destroyed. Map ----- +----------------------------------------------------+ | ??# #??????# #######???# #??#####???# = #? | | ??## ##??????# #???# #??????????###!###? | | ???### ##???????###### #???# #????????#####%#?## | | ?????####?????????????# #???# #????????# % ==#?#% | | ??????????????????????# #???# ########?#%#####?#= | | ?????????????####?????# #???# #?#%#?????#= | | ????????????## ##????# #???######## #?# #?????# | | ????????????# #???## ##?????????# #?# #?????# | | ????????????# #???# ####?###### ### ####### | | ????????????# ##??# ### | | ????????????## ##?## ## ############### | | ?????????????## #??# #?????????????## | | ??????????????## #??## #??????????????? | | ???????????????# ##??## #??????????????? | | ???????????????## ##??##### #??????????????? | | ????????????????## #??????##= #??????????????? | | ?????????????????## ##??????#%= #??????????????? | | ??????????????????# #??????#! ##??????????????? | | ?????????????????## #??????# ##??????????????? | | ????????????????## ##??????#=% #??????????????? | | ???????????????## ##???????# #??????????????? | | ???????????????# ########### #??????????????? | | ???????????????# ### ##??????????????? | | ???????????????# #r #???????????????? | | ???????????????# d % #???????????????? | | ???????????????# d @ #???????????????? | | ????????????# ###r #???????????????? | | ????????????# ##?## #??????????????? | | ????????????# ###???# #?????????????? | | ?????????? #??????# ????????????? | | ?????????? # ##??????? ??????????? | | ???????????# | ###???????? ?????????? | | ???????????## % ??????????? ### ????????? | | ????????????## ! #??????????? ##???????????? | | ???????????## #??????????? #????????????? | | ???????????# #??????????? ????????????? | | ???????????# #??????????? ????????????? | | ???????????# ##??????????? ?#???????????? | | ??????????## ##?????????????? ???????????????? | | ###! ##???????????????????????????????? | | =%! !%##????????????????????????????????? | | |* /%#?????????????????????????????????? | | #?????????????????????????????????? | | # #?????????????????????????????????? | | ##% #?????????????????????????????????? | | ? ?# ?????????????????????????????????? | | ? ??# ?????????????????????????????????? | | ?# ??####?????????????????????????????????? | | ??# ????????????????????????????????????????? | | ??# ????????????????????????????????????????? | +----------------------------------------------------+ Best States ------------- Heat Dissipation 25 Energy Generation 10 Energy Capacity 250 Matter Stores 300 Matter Capacity 300 Sight Range 16 Robot Scan Range 14 Terrain Scan Density 10 Evasion (%) 40 Recoil Reduction 2 Item Schematics ----------------- None Robot Schematics ------------------ None Fabricated ------------ Nothing Alien Tech Used ----------------- None Achievements -------------- None Challenges ------------ None Game ------ Seed HugeGrapheneProcessor Manual? 0 Play Time 00:15:30 Cumulative 19.0 hours Start 2025.03.17 @ 15:26:44 End 2025.03.17 @ 15:39:39 Sessions 1 Manual Loads 0 Difficulty Rogue Special Mode None Game No. 30 Rogue 30 Adventurer 0 Explorer 0 Win Type - Total 0 Types 0/0/0/0/0/0/0/0/0 Lore% 12 Gallery% 21 Achievement% 20 Wizard Run 0 Options --------- Layout 1 ASCII 0 Keyboard 0 Movement Mouse Keybinds 0 Fullscreen 1 Font 32/SmallcapsGlow Map View 50x40 Zoom Use 0% Tactical HUD 0 Map Filters NONE Filters NONE Steam 1 RUN: 4e330fd0-479f-4152-907c-8055552fe3f4